 Dungeon Crawl Stone Soup version 0.25.0-9-g26727b657a (webtiles) character file.

Game seed: 10601887914622005199

49 Descartes the Grasshopper (level 3, -1/16 HPs)
             Began as a Felid Warper on June 19, 2020.
             Slain by an orc wizard
             ... wielding a +0 dagger
              (4 damage)
             ... on level 2 of the Dungeon.
             The game lasted 00:02:03 (2244 turns).

Descartes the Grasshopper (Felid Warper)            Turns: 2244, Time: 00:02:03

Health: -1/16      AC:  1    Str:  8    XL:     3   Next: 53%
Magic:  7/7        EV: 18    Int: 14    God:
Gold:   25         SH:  0    Dex: 15    Spells: 6/6 levels left
                                        Lives:  0   Deaths: 0

rFire    . . .     SeeInvis +     - Unarmed
rCold    . . .     Gourm    .   (shield unavailable)
rNeg     . . .     Faith    .   (armour unavailable)
rPois    .         Spirit   .   (helmet unavailable)
rElec    .         Reflect  .   (cloak unavailable)
rCorr    .         Harm     .   (gloves unavailable)
MR       .....                  (boots unavailable)
Stlth    +++.......             (no amulet)
HPRegen  0.05/turn              (no ring)
MPRegen  0.10/turn              (no ring)

@: quick
A: very small, no armour, no weapons or thrown items, stealth, claws 1, fangs 3,
see invisible, carnivore, speed 1, shaggy fur 1, slow metabolism 1, sharp paws
a: no special abilities


You were on level 2 of the Dungeon.
You were completely stuffed.

You visited 1 branch of the dungeon, and saw 2 of its levels.

You collected 25 gold pieces.

Inventory:

Missiles
 f - 70 arrows
 h - 47 stones
Jewellery
 a - an uncursed ring of resist corrosion {unknown}
Scrolls
 b - a scroll of blinking
 d - 6 scrolls of identify {unknown}
 g - a scroll of random uselessness {unknown}
 j - 2 scrolls of teleportation {unknown}
Potions
 e - a potion of mutation {unknown}
 i - a potion of curing {unknown}
 k - a potion of lignification {unknown}
Comestibles
 c - 5 rations
 l - 2 chunks of flesh


   Skills:
 + Level 2.2 Fighting
 + Level 3.5 Dodging
 * Level 2.6 Stealth
 * Level 2.7 Unarmed Combat
 + Level 2.2 Spellcasting
   Level 4.4 Translocations


You had 6 spell levels left.
You didn't know any spells.
Your spell library contained the following spells:

 Spells                   Type           Power        Failure   Level  Hunger
 Blink                    Tloc           N/A          6%          2    ###....
 Gell's Gravitas          Tloc           ##........   12%         3    ###....
 Lesser Beckoning         Tloc           ##........   12%         3    ###....
 Teleport Other           Tloc           ##......     12%         3    ###....
 Shroud of Golubria       Chrm/Tloc      #.....       14%         2    ###....
 Passage of Golubria      Tloc           N/A          36%         4    #####..


Dungeon Overview and Level Annotations

Branches:
Dungeon (2/15)

Altars:


Innate Abilities, Weirdness & Mutations

You cannot wear armour.
You are incapable of wielding weapons or throwing items.
Your paws allow you to move quietly. (Stealth)
You have sharp claws.
You have razor-sharp teeth.
You have supernaturally acute eyesight. (SInv)
You are carnivorous and can eat meat at any time.
You cover ground quickly.
You are covered in fur. (AC +1)
You have a slow metabolism.
Your sharp claws are effective at attacking unaware monsters.


Message History

You bite the orc wizard.
The orc wizard is heavily wounded.
The orc wizard closely misses you.
You scratch the orc wizard.
The orc wizard is severely wounded.
The orc wizard hits you with a +0 dagger.
You barely miss the orc wizard.
The orc wizard is severely wounded.
The orc wizard misses you.
You miss the orc wizard.
The orc wizard is severely wounded.
The orc wizard hits you with a +0 dagger.
* * * LOW HITPOINT WARNING * * *
You scratch the orc wizard.
The orc wizard is almost dead.
The orc wizard barely misses you.
You barely miss the orc wizard.
The orc wizard is almost dead.
The orc wizard hits you with a +0 dagger.
You die...

....... w..
.?..... ...
....... #w#
....... #.#
....... #.#
....... #.#
##.#.## #.###
#.# .g.# #o).#
#># #.#
###@#.###.### .#
##≈≈♣...≈....# .
#≈...≈..≈♣≈#.# .
####♣.≈.♣≈.#.###
.
#.≈≈.≈.≈≈≈≈....#
#.≈.≈.≈≈≈...##.#
#♣.≈.♣≈.....# .
#......≈≈...# #
#..♣.≈.≈≈...#


You could see a worm and an orc wizard (invisible).

Vanquished Creatures
  An adder (D:2)
  A dart slug (D:1)
  2 orcs (D:2)
  3 giant cockroaches (D:1)
  4 hobgoblins
  5 jackals (D:1)
  5 kobolds (D:1)
  3 bats (D:1)
  3 frilled lizards (D:1)
  4 goblins
  A rat (D:2)
32 creatures vanquished.

Notes
Turn   | Place    | Note
-------+----------+-------------------------------------------
     0 | D:1      | Descartes the Felid Warper began the quest for the Orb.
     0 | D:1      | Reached XP level 1. HP: 9/9 MP: 4/4
   214 | D:1      | Reached skill level 1 in Stealth
   299 | D:1      | Reached XP level 2. HP: 13/13 MP: 6/6
  1693 | D:2      | Reached XP level 3. HP: 15/16 MP: 7/7
  2244 | D:2      | Slain by an orc wizard

Illustrated notes

Levels and vault maps discovered:
D:1:      enne_arrival_octagon_isle, layout_basic
D:2:      wad_pebble_path, layout_rooms, chequers_serial_rivers_marsh,
          fedhas_altar_1

Skill      XL: |  1  2 |
---------------+-------+-----
Stealth        | 1 2 |  2.6
Fighting       | |  2.2
Dodging        | |  3.5
Unarmed Combat | |  2.7
Spellcasting   | |  2.2
Translocations | |  4.4

Action                   || total
-------------------------++-------
Melee: Unarmed           ||   138
       Bite              ||    17
       Punch             ||     2
 Stab: Sleeping          ||     2
  Eat: Chunk             ||    10
Armor: Skin              ||     5
Dodge: Dodged            ||   107
